 Dungeon Crawl Stone Soup version 0.30.1-11-g7821555f0a (webtiles) character file.

Game seed: 5885980549677951127

982 lonewolfV2 the Trooper (level 8, -2/68 HPs)
             Began as a Formicid Fighter on Nov 15, 2023.
             Slain by a wraith (9 damage)
             ... on level 5 of the Dungeon.
             The game lasted 00:05:57 (3641 turns).

lonewolfV2 the Trooper (Formicid Fighter)           Turns: 3641, Time: 00:05:58

Health: -2/68      AC:  8    Str: 21    XL:     8   Next: 40%
Magic:  8/8        EV:  9    Int:  8    God:
Gold:   281        SH:  5    Dex: 15    Spells: 7/7 levels left

rFire   . . .        a - +0 war axe
rCold   . . .        c - +0 buckler
rNeg    . . .        b - +0 scale mail
rPois   .            (helmet unavailable)
rElec   .            (no cloak)
rCorr   .            f - +0 pair of gloves
SInv    +            (no boots)
Will    .....        l - amulet of the acrobat Stlth
                     (no ring)
HPRegen 0.31/turn    (no ring)
MPRegen 0.11/turn

%: acrobat
@: no status effects
A: permanent stasis, dig shafts and tunnels, antennae 3, four strong arms
a: Dig, Shaft Self


You were on level 5 of the Dungeon.
You visited 1 branch of the dungeon, and saw 5 of its levels.

You collected 281 gold pieces.

Inventory:

Hand Weapons
 a - a +0 war axe (weapon)
Armour
 b - a +0 scale mail (worn)
 c - a +0 buckler (worn)
 f - a +0 pair of gloves (worn)
 j - a +0 pair of boots
Jewellery
 l - an amulet of the acrobat (around neck)
Wands
 h - a wand of roots (17)
 m - a wand of quicksilver (1)
Scrolls
 i - 3 scrolls of teleportation
 n - a scroll of identify
 r - a scroll of fear
Potions
 d - a potion of might
 e - a potion of magic {unknown}
 g - a potion of haste {unknown}
 k - a potion of brilliance {unknown}
 o - a potion of cancellation {unknown}
 p - a potion of degeneration {unknown}
 q - a potion of heal wounds {unknown}


   Skills:
 + Level 7.8 Fighting
 + Level 6.7 Axes
 - Level 3.2 Armour
 - Level 4.0 Shields


You had 7 spell levels left.
You didn't know any spells.
Your spell library contained the following spells:

 Spells                   Type           Power      Damage    Failure   Level
 Apportation              Tloc           0%         N/A       82%         1
 Necrotise                Necr           0%         1d4       82%         1
 Sandblast                Erth           0%         2d4       82%         1
 Slow                     Hex            0%         N/A       82%         1
 Summon Small Mammal      Summ           0%         N/A       82%         1
 Passwall                 Tmut/Erth      0%         N/A       91%         2
 Scorch                   Fire           0%         2d5       91%         2
 Confusing Touch          Hex            0%         N/A       99%         3
 Stone Arrow              Conj/Erth      0%         3d7       99%         3
 Vampiric Draining        Necr           0%         2d6       99%         3
 Flame Wave               Conj/Fire      0%         2d4       100%        4
 Summon Cactus Giant      Summ           0%         N/A       100%        6


Dungeon Overview and Level Annotations

Branches:
Dungeon (5/15)
 Temple: D:4-7

Altars:

Shops:
D:3 *


Innate Abilities, Weirdness & Mutations

You cannot be hasted, slowed, berserked, paralysed or teleported.
You can dig through walls and to a lower floor.
You have a pair of large antennae on your head. (SInv)
Your four strong arms can wield two-handed weapons with a shield.


Message History

You kill the iguana!
You hear an angry hiss.
You hear a bark! x2; You hear a shout! x2
The shadow imp barely misses you.
A jelly comes into view.
The jelly quivers.
You slash the wraith!
The wraith is moderately damaged.
You barely miss the shadow imp.
The grasping roots constrict the shadow imp.
The roots release their grip on the shadow imp.
A hound comes into view.
The wraith barely misses you. The shadow imp gestures at you.
Pain shoots through your body!
You hit the wraith but do no damage.
The wraith is moderately damaged.
You closely miss the shadow imp.
A hound comes into view.
The wraith hits you!
* * * LOW HITPOINT WARNING * * *
The wraith drains your vigour!
Your stasis prevents you from being slowed.
An iguana comes into view.
The shadow imp closely misses you.
You closely miss the wraith.
The wraith is moderately damaged.
You closely miss the shadow imp. The shadow imp barely misses you.
The wraith hits you!
* * * LOW HITPOINT WARNING * * *
The wraith drains your vigour!
Your stasis prevents you from being slowed.
Aiming: Quicksilver Bolt
Press: ? - help, Q - select action, (/) - cycle Shift-Dir - straight line, f/p - wraith
Aim: a wraith (moderately damaged, 71% to hit)
The bolt of dispelling energy hits the wraith.
The wraith is heavily damaged.
The bolt of dispelling energy hits the iguana!
The iguana is severely wounded.
The wraith hits you!
You die...

...............#......
###.###<.......#.#....
# #..........#....
####......#.....
##........J...
#...##........
#..#..#........
...###.#....^...
.........@..h....
........†5W#....#
...........#..#
...h.....#.....
...............
..........#...#
..........#.#l#
........... .?


You could see a wraith, an iguana, 2 hounds, a jelly and a shadow imp.

Vanquished Creatures
  Grinder (D:4)
  Sigmund (D:4)
  Eustachio (D:4)
  A sky beast (D:5)
  4 hounds
  An iguana (D:5)
  Natasha (thrice) (D:2)
  8 gnolls (D:4)
  2 adders
  4 worms
  An orc (D:3)
  3 ball pythons
  3 bats (D:1)
  6 endoplasms
  2 giant cockroaches (D:4)
  3 goblins
  5 hobgoblins
  6 jackals
  12 kobolds
  A quokka (D:2)
  7 frilled lizards
  9 rats
  A spectral hobgoblin (D:2)
85 creatures vanquished.

Notes
Turn   | Place    | Note
-------+----------+-------------------------------------------
     0 | D:1      | lonewolfV2 the Formicid Fighter began the quest for the
                  | Orb.
     0 | D:1      | Reached XP level 1. HP: 18/18 MP: 1/1
   173 | D:1      | Reached XP level 2. HP: 23/24 MP: 2/2
   704 | D:1      | Reached XP level 3. HP: 30/30 MP: 3/3
   841 | D:1      | Reached skill level 4 in Fighting
  1140 | D:2      | Found a faded altar of an unknown god.
  1503 | D:2      | Reached XP level 4. HP: 37/37 MP: 4/4
  1622 | D:2      | Noticed Natasha
  1635 | D:2      | Killed Natasha
  1687 | D:2      | Noticed Natasha
  1691 | D:2      | Killed Natasha
  1692 | D:2      | Reached XP level 5. HP: 37/43 MP: 5/5
  1827 | D:2      | Noticed Natasha
  1835 | D:2      | Killed Natasha
  1836 | D:2      | Reached skill level 5 in Fighting
  2330 | D:3      | Found Tugukor's General Store.
  2609 | D:4      | Noticed Grinder
  2634 | D:4      | Killed Grinder
  2635 | D:4      | Reached skill level 6 in Fighting
  2635 | D:4      | Reached skill level 5 in Axes
  2635 | D:4      | Reached XP level 6. HP: 18/52 MP: 6/6
  2811 | D:4      | Reached XP level 7. HP: 58/58 MP: 7/7
  3104 | D:4      | Noticed Eustachio
  3112 | D:4      | Killed Eustachio
  3141 | D:4      | Reached skill level 7 in Fighting
  3290 | D:4      | Noticed Sigmund
  3292 | D:4      | Killed Sigmund
  3293 | D:4      | Reached XP level 8. HP: 58/67 MP: 8/8
  3612 | D:5      | Entered Level 5 of the Dungeon
  3632 | D:5      | Noticed a wraith
  3641 | D:5      | Slain by a wraith

Illustrated notes

Levels and vault maps discovered:
D:1:      wander_arrival_chamber, layout_loops_cross
D:2:      layout_basic, dreamdust_ecumenical_altar_drowned_temple, uniq_natasha
D:3:      layout_basic, serial_shops, shop, chequers_decorated_corner
D:4:      layout_cave_pools, serial_bayou_pond_c, uniq_eustachio,
          uniq_crazy_yiuf_cottage, uniq_sigmund, uniq_grinder
D:5:      layout_rooms, nicolae_dithmenos_through_a_glass_darkly,
          gammafunk_temple_overflow_elements, nicolae_uskayaw_dance_hall,
          uniq_edmund

Skill      XL: |  1  2  3  4  5  6  7 |
---------------+----------------------+-----
Fighting       | 4 6 7 |  7.8
Axes           | 3 5 6 |  6.7
Armour         | |  3.2
Shields        | |  4.0

Action                     |  1- 3 |  4- 6 |  7- 9 || total
---------------------------+-------+-------+-------++-------
  Melee: War axe           |    66 |   102 |    57 ||   225
  Evoke: Wand              |       |       |     6 ||     6
    Use: Scroll            |     4 |     3 |     1 ||     8
         Potion            |       |     2 |     2 ||     4
 Armour: Scale mail        |    29 |    72 |    27 ||   128
  Dodge: Dodged            |    42 |    72 |    63 ||   177
  Block: Buckler           |    12 |    23 |    22 ||    57
